 Dungeon Crawl Stone Soup version 0.21.1-1-g345015fe64 (webtiles) character file.

155 Naru the Poker (level 5, 0/46 HPs)
             Began as a Draconian Berserker on June 8, 2018.
             Was a Believer of Trog.
             Slain by an orc priest
             ... wielding a +0 mace
              (5 damage)
             ... on level 4 of the Dungeon.
             The game lasted 00:15:10 (3549 turns).

Naru the Poker (Draconian Berserker)                Turns: 3549, Time: 00:15:11

Health: 0/46       AC:  5    Str: 21    XL:     5   Next: 14%
Magic:  5/5        EV: 13    Int:  7    God:    Trog [**....]
Gold:   77         SH:  0    Dex: 10    Spells: 4/4 levels left

rFire    . . .     SeeInvis .   c - +2 spear
rCold    . . .     Gourm    .   (no shield)
rNeg     . . .     Faith    .   (armour unavailable)
rPois    .         Spirit   .   (helmet restricted)
rElec    .         Reflect  .   (no cloak)
rCorr    .         Harm     .   (no gloves)
MR       .....                  (no boots)
Stlth    +.........             (no amulet)
HPRegen  0.15/turn              (no ring)
MPRegen  0.09/turn              (no ring)

@: hasted, very quick
A: unfitting armour, cold-blooded, AC +5
a: Berserk, Trog's Hand, Burn Spellbooks, Renounce Religion


You were on level 4 of the Dungeon.
You worshipped Trog.
Trog was pleased with you.
You were not hungry.

You visited 1 branch of the dungeon, and saw 4 of its levels.

You collected 77 gold pieces.

Inventory:

Hand Weapons
 a - a +0 spear
 c - a +2 spear (weapon)
 q - a cursed -1 war axe
Missiles
 p - 19 poisoned needles
Armour
 m - a +0 ring mail
 n - a +0 robe
Jewellery
 k - an uncursed amulet of inaccuracy
 s - a cursed -2 ring of slaying
Wands
 d - a wand of flame (34)
 r - a wand of scattershot (5)
Potions
 f - a potion of berserk rage {unknown}
 h - a potion of magic
 i - a potion of curing {unknown}
 j - 4 potions of invisibility {unknown}
 l - a potion of lignification {unknown}
Comestibles
 b - 5 rations


   Skills:
 + Level 3.9 Fighting
 + Level 4.3 Polearms
 + Level 3.8 Dodging
 + Level 1.2 Stealth


You had 4 spell levels left.
You didn't know any spells.

Dungeon Overview and Level Annotations

Branches:
Dungeon (4/15)
 Temple: D:4-7

Altars:
Fedhas
Uskayaw


Innate Abilities, Weirdness & Mutations

Your plain brown scales are hard. (AC +5)
You cannot fit into any form of body armour.
You are cold-blooded and may be slowed by cold attacks.


Message History

The orc priest is moderately wounded.
The orc priest completely misses you. Something hits you.
You completely miss the orc priest.
The orc priest is moderately wounded.
Something hits you but does no damage.
The orc priest invokes the aid of Beogh against you.
Beogh smites you!
You hit the orc priest but do no damage.
The orc priest is moderately wounded.
Something hits you.
The orc priest mumbles some strange prayers to Beogh against you.
Beogh smites you!
* * * LOW HITPOINT WARNING * * *
You hear some strange, mumbled words.
A puff of frost appears from out of thin air!
The puff of frost hits you!
* * * LOW HITPOINT WARNING * * *
You feel yourself speed up. Something hits you but does no damage.
The orc priest hits you with a mace.
You die...

### ### #.. ..# #######.#
#.# ......#.# #.#
#####.#.#######.# ##.
..............#.# ....
###.#.#.#####.#.# .....
....#.#.......#.###......
.....>..........@ol......
##..............###......
...........##...# .....
........#..##.⌠.## ..#.
.......#####.....# .#
.####.##....##+##+ .. ..
...#<.⌠..# .
.####.##...## .# #..#####


You could see an orc priest and a frilled lizard.

Vanquished Creatures
  A hound (D:2)
  A hound zombie (D:3)
  An adder (D:3)
  An adder skeleton (D:4)
  A worm (D:3)
  4 dart slugs
  4 leopard geckos
  4 orcs
  A ball python (D:2)
  6 bats
  4 giant cockroaches
  8 goblins
  8 hobgoblins
  7 jackals
  5 quokkas (D:3)
  4 frilled lizards
  6 kobolds
  11 rats
77 creatures vanquished.

Notes
Turn   | Place    | Note
-------+----------+-------------------------------------------
     0 | D:1      | Naru the Draconian Berserker began the quest for the Orb.
     0 | D:1      | Reached XP level 1. HP: 19/19 MP: 1/1
   137 | D:1      | Reached XP level 2. HP: 13/26 MP: 2/2
  1087 | D:1      | Reached XP level 3. HP: 31/31 MP: 3/3
  1586 | D:2      | Reached XP level 4. HP: 13/40 MP: 4/4
  2066 | D:2      | Reached ** piety under Trog
  2370 | D:3      | Reached skill level 4 in Polearms
  2386 | D:3      | Reached skill level 1 in Stealth
  2995 | D:3      | Found a hide-covered altar of Uskayaw.
  2995 | D:3      | Noticed a hand axe
  2995 | D:3      | Noticed a hand axe
  3044 | D:3      | Reached XP level 5. HP: 44/46 MP: 5/5
  3312 | D:3      | Found a blossoming altar of Fedhas.
  3549 | D:4      | Slain by an orc priest

Skill      XL: |  1  2  3  4 |
---------------+-------------+-----
Dodging        | 3 |  3.8
Polearms       | 4 |  4.3
Stealth        | 1 |  1.2
Fighting       | |  3.9

Action                   |  1- 3 |  4- 6 || total
-------------------------+-------+-------++-------
Melee: Spear             |   109 |   154 ||   263
       Tailslap          |    11 |    24 ||    35
  Use: Scroll            |     1 |    12 ||    13
       Potion            |       |     1 ||     1
 Stab: Sleeping          |     1 |     1 ||     2
  Eat: Ration            |     1 |     2 ||     3
Armor: Skin              |    49 |    40 ||    89
Dodge: Dodged            |   101 |   101 ||   202
